[Event "Early-Titled-Tuesday-Blitz-May-14-2024"]
[Site "Chess.com"]
[Date "2024.05.14"]
[Round "1"]
[White "ploxoi"]
[Black "Nf3c5"]
[Result "0-1"]
[WhiteElo "2320"]
[BlackElo "2642"]
[TimeControl "180+1"]
[EndTime "8:06:19 PDT"]
[Termination "Nf3c5 won by resignation"]

1. d4 d5 2. c4 e6 3. Nf3 Nf6 4. g3 h6 5. Bg2 Bb4+ 6. Bd2 Bd6 7.
O-O O-O 8. Qc2 dxc4 9. Ne5 Nc6 10. Nxc6 bxc6 11. Bxc6 Rb8 12. Na3 Ba6 13. Rfd1 Nd5 14. Rab1 Bxa3 15. bxa3 Qd6 16. Bxd5 Qxd5 17. e4 Qh5 18.
Bb4 Rfd8 19. Bc5 c3 20. Qxc3 Be2 21. Re1 Bf3 22. Rb3 Rxb3 23. axb3 f5 24. exf5 exf5 25. h4 Bd5 26. Qe3 Kh7 27. Qe7 Qf3 28. Re4 Bxe4 0-1

[Event "Early-Titled-Tuesday-Blitz-May-14-2024"]
[Site "Chess.com"]
[Date "2024.05.14"]
[Round "1"]
[White "Dewarfd"]
[Black "Nouali_Mohamed"]
[Result "0-1"]
[WhiteElo "2054"]
[BlackElo "2561"]
[TimeControl "180+1"]
[EndTime "8:06:19 PDT"]
[Termination "Nouali_Mohamed won by resignation"]

1. d4 Nf6 2. e3 g6 3. Nf3 Bg7 4. Be2 O-O 5. b4 d6 6. Bb2 Ne4 7. c4 c5 8. a3 Nc6 9. b5 Na5 10.
O-O d5 11. cxd5 Qxd5 12. Nc3 Nxc3 13. Bxc3 b6 14. Bxa5 bxa5 15. dxc5 Qxc5 16. Qc1 Qb6 17. Ra2 a4 18. Qc6 Be6 19. Rc2 Bb3 20. Qxb6 axb6 21. Rc6 Rab8 22. Nd4 Bxd4 23. exd4 Rfd8 24. Bc4 Rxd4 25. Bxb3 axb3 26. Rc3 b2 27. Rb3 Rd2 28. g3 Rc8 29. Kg2 Rc4 30. Rb1 Rcc2 31. R1xb2 Rxf2+ 32. Kh3 Rxb2 33. Rxb2 Rxb2 0-1

[Event "Early-Titled-Tuesday-Blitz-May-14-2024"]
[Site "Chess.com"]
[Date "2024.05.14"]
[Round "1"]
[White "mfschulz"]
[Black "Galileo22"]
[Result "0-1"]
[WhiteElo "2336"]
[BlackElo "2661"]
[TimeControl "180+1"]
[EndTime "8:06:22 PDT"]
[Termination "Galileo22 won by resignation"]

1. d4 d5 2. Bg5 h6 3. Bh4 c6 4.
Nd2 Qb6 5. e3 Qxb2 6. Bd3 Qb6 7.
Ngf3 Nf6 8. O-O Qd8 9. c4 Nbd7 10. Rb1 g6 11. e4 dxe4 12. Nxe4 Bg7 13. Ne5 O-O 14. f4 Qa5 15. Kh1 Rd8 16. Qb3 Nf8 17.
Bf2 Ne6 18. f5 gxf5 19. Nxf6+ exf6 20. Nf3 Ng5 21. Nh4 f4 22. Bc2 f5 23. Nxf5 Bxf5 24. Bxf5 Qxf5 25. Qxb7 f3 26. Rg1 fxg2+ 27. Rxg2 Rab8 28.
Qxb8 Rxb8 29. Rxb8+ Kh7 30. Rb7 Nh3 31. Bg1 Nxg1 32.
Rxg1 Bxd4 0-1

[Event "Early-Titled-Tuesday-Blitz-May-14-2024"]
[Site "Chess.com"]
[Date "2024.05.14"]
[Round "1"]
[White "SirGerhard"]
[Black "cthulhuuu"]
[Result "1-0"]
[WhiteElo "2740"]
[BlackElo "2412"]
[TimeControl "180+1"]
[EndTime "8:06:23 PDT"]
[Termination "SirGerhard won by checkmate"]

1. d4 Nf6 2. c4 e5 3. dxe5 Ng4 4. Nf3 Bc5 5. e3 Nc6 6. Nc3 O-O 7. Qd5 Qe7 8. a3 a5 9. Ne4 Ba7 10. c5 Ncxe5 11. Nxe5 Nxe5 12. Bd2 Re8 13. Bc3 Ng6 14.
Bc4 Nf4 15. Qd4 Ne6 16. Qe5 Kh8 17. O-O Bb8 18. Qh5 f6 19. Bd3 Nf8 20. Rad1 Ng6 21. Nxf6 gxf6 22. Bxg6 Rg8 23. Bxf6+ Qxf6 24. Qxh7# 1-0

[Event "Early-Titled-Tuesday-Blitz-May-14-2024"]
[Site "Chess.com"]
[Date "2024.05.14"]
[Round "1"]
[White "Bob_2004"]
[Black "Grossboss19"]
[Result "0-1"]
[WhiteElo "2298"]
[BlackElo "2622"]
[TimeControl "180+1"]
[EndTime "8:06:23 PDT"]
[Termination "Grossboss19 won on time"]

1. d4 Nf6 2. c4 e6 3. Nc3 Bb4 4. f3 O-O 5. a3 Bxc3+ 6. bxc3 c5 7. e4 Nc6 8. Be3 Qa5 9. Qd2 d6 10. Bd3 e5 11. d5 Ne7 12. Bg5 Kh8 13. Bxf6 gxf6 14.
Ne2 Qd8 15. g4 Bd7 16. Ng3 Ng6 17. Qh6 Nf4 18. Kd2 Rg8 19. Rag1 Qe7 20. Nf5 Bxf5 21.
gxf5 Rxg1 22. Rxg1 Rg8 23. Rg4 Qd8 24. Bf1 Rxg4 25. fxg4 Kg8 26. h4 Qb6 27. Kc2 Qd8 28. g5 fxg5 29. hxg5 f6 30. g6 hxg6 31. fxg6 Qd7 32.
Kd2 Qg7 0-1

[Event "Early-Titled-Tuesday-Blitz-May-14-2024"]
[Site "Chess.com"]
[Date "2024.05.14"]
[Round "1"]
[White "Eagle_2019"]
[Black "Actuary44"]
[Result "1-0"]
[WhiteElo "2851"]
[BlackElo "2491"]
[TimeControl "180+1"]
[EndTime "8:06:24 PDT"]
[Termination "Eagle_2019 won by checkmate"]

1. d4 Nf6 2. Bg5 Ng8 3. e4 h6 4.
Bh4 c5 5. dxc5 g5 6. Bg3 Bg7 7. c3 Na6 8. h4 gxh4 9. Bxh4 Nxc5 10. Nd2 d5 11. Qh5 Nf6 12. Bxf6 Bxf6 13. e5 Bg7 14.
Ngf3 Qb6 15. Rb1 Be6 16. Nd4 O-O-O 17. Be2 Kb8 18. f4 Ne4 19. Nxe4 dxe4 20. O-O Bxa2 21.
Rbc1 Rxd4 22. cxd4 Qxd4+ 23. Kh1 Bd5 24. Qg4 Rg8 25.
Rfd1 Qxb2 26. Qd7 Be6 27. Qd8+ Rxd8 28. Rxd8+ Bc8 29. Rdxc8# 1-0

[Event "Early-Titled-Tuesday-Blitz-May-14-2024"]
[Site "Chess.com"]
[Date "2024.05.14"]
[Round "1"]
[White "KirAk47"]
[Black "CSB7"]
[Result "0-1"]
[WhiteElo "2438"]
[BlackElo "2770"]
[TimeControl "180+1"]
[EndTime "8:06:24 PDT"]
[Termination "CSB7 won by resignation"]

1. e4 c5 2. Nc3 e6 3. Nge2 Nc6 4.
g3 d5 5. exd5 exd5 6. d4 Bg4 7.
Bg2 Nxd4 8. O-O Nf6 9. f3 Be6 10. Nxd4 cxd4 11. Ne2 Bc5 12. Nxd4 Qb6 13. c3 O-O 14.
Re1 Rac8 15. a4 a5 16. Rb1 Bf5 17. Ra1 Rfe8 18. Be3 Bg6 19. Re2 Nd7 20. Qd2 Ne5 21.
b3 Nd3 22. Rd1 h6 23. Bh3 Rcd8 24. Bf1 Ne5 25. Nb5 Nxf3+ 26. Kg2 Nxd2 27. Bxd2 Be4+ 28. Kh3 Qe6+ 0-1

[Event "Early-Titled-Tuesday-Blitz-May-14-2024"]
[Site "Chess.com"]
[Date "2024.05.14"]
[Round "1"]
[White "DishonorOnYourCow"]
[Black "Agibileg"]
[Result "0-1"]
[WhiteElo "2515"]
[BlackElo "2902"]
[TimeControl "180+1"]
[EndTime "8:06:25 PDT"]
[Termination "Agibileg won by resignation"]

1. d4 Nf6 2. c4 g6 3. Nc3 Bg7 4. e4 d6 5. f4 O-O 6. Nf3 c5 7. d5 e6 8. dxe6 Bxe6 9. Bd3 Bg4 10. O-O Nc6 11. h3 Bxf3 12. Qxf3 Nd4 13. Qf2 Re8 14. Kh1 a6 15. Be3 b5 16. cxb5 axb5 17. e5 dxe5 18. fxe5 Rxe5 19. Bxd4 cxd4 20. Nxb5 Re3 21. Bc4 Kh8 22.
Rfd1 Ne4 23. Qxf7 Qh4 24. Bf1 Rf8 25. Qd7 Nf2+ 26. Kg1 Nxh3+ 27. gxh3 Qf2+ 28. Kh1 Rg3 0-1

[Event "Early-Titled-Tuesday-Blitz-May-14-2024"]
[Site "Chess.com"]
[Date "2024.05.14"]
[Round "1"]
[White "Kostya0705"]
[Black "Guldona_2007"]
[Result "1/2-1/2"]
[WhiteElo "2576"]
[BlackElo "2200"]
[TimeControl "180+1"]
[EndTime "8:06:25 PDT"]
[Termination "Game drawn by repetition"]

1. e4 c5 2. Nf3 d6 3. d4 cxd4 4. Nxd4 Nf6 5. Nc3 Nc6 6. Bg5 Bd7 7. Qd2 Rc8 8. O-O-O Nxd4 9. Qxd4 Qa5 10. Bxf6 gxf6 11. f4 Qc5 12. Qd3 h5 13. Kb1 Bh6 14. g3 f5 15. e5 Bc6 16. Bh3 Bxh1 17. Rxh1 dxe5 18. Rd1 O-O 19. Qf3 exf4 20. Qxh5 Bg7 21. Bxf5 Rfe8 22. Qh7+ Kf8 23. Bxc8 Rxc8 24. gxf4 Bxc3 25. bxc3 Qxc3 26. Rd5 Qe1+ 27. Kb2 Qb4+ 28. Ka1 Qc3+ 29. Kb1 Qb4+ 30. Ka1 Qc3+ 31. Kb1 1/2-1/2

[Event "Early-Titled-Tuesday-Blitz-May-14-2024"]
[Site "Chess.com"]
[Date "2024.05.14"]
[Round "1"]
[White "SaiHanThiha"]
[Black "Suleyman_Chess06"]
[Result "0-1"]
[WhiteElo "2457"]
[BlackElo "2794"]
[TimeControl "180+1"]
[EndTime "8:06:26 PDT"]
[Termination "Suleyman_Chess06 won on time"]

1. Nf3 d5 2. g3 c6 3. Bg2 Nf6 4.
O-O g6 5. b3 Bg7 6. Bb2 O-O 7. c4 a5 8. d3 a4 9. b4 dxc4 10.
dxc4 Be6 11. Qc1 c5 12. b5 Nbd7 13. Rd1 Qc8 14. Na3 Nb6 15. Ne5 Qc7 16. h3 Rfd8 17. Qe3 Nfd7 18. Nd3 Nxc4 19. Nxc4 Bxc4 20. Bxg7 Kxg7 21.
Qxe7 Re8 22. Qh4 Bxb5 23. Nf4 Bc6 24. Bxc6 bxc6 25. Qg5 h6 26. Nh5+ Kh7 27. Rxd7 Qxd7 28. Nf6+ Kg7 29. Nxe8+ Rxe8 30. Qxc5 Rxe2 31. Rc1 Qd5 32.
Qc3+ Kh7 33. a3 h5 34. h4 Qf5 0-1

[Event "Early-Titled-Tuesday-Blitz-May-14-2024"]
[Site "Chess.com"]
[Date "2024.05.14"]
[Round "1"]
[White "Smoking_Crow"]
[Black "teresin05"]
[Result "1-0"]
[WhiteElo "2603"]
[BlackElo "2250"]
[TimeControl "180+1"]
[EndTime "8:06:29 PDT"]
[Termination "Smoking_Crow won on time"]

1. c4 c5 2. Nc3 Nc6 3. Nf3 d6 4.
e4 e5 5. d3 Be7 6. Be2 f5 7.
exf5 Bxf5 8. Nd2 Nf6 9. Nde4 Nxe4 10. dxe4 Be6 11. O-O O-O 12. b3 Nd4 13. Bg4 Bf7 14.
Be3 Bg5 15. Qd2 Bxe3 16. fxe3 Nc6 17. Rad1 Qg5 18. Bf3 Rad8 19. Qe2 a6 20. Rd2 Bg6 21. Rfd1 Rf6 22. Nd5 Rf7 23. Nb6 Rf6 24. Na4 Rdf8 25. Kh1 Qh4 26. Rxd6 Rxd6 27. Rxd6 Bxe4 28. Bxe4 Qxe4 29.
Nxc5 Qf5 30. Rd1 e4 31. Nxb7 Ne5 32. Nd6 Qg6 33. c5 Nd3 34. Rf1 Rxf1+ 35. Qxf1 Nxc5 36. Qc4+ Ne6 37. Qc8+ Nf8 38. Qc4+ Kh8 39. Nf7+ Kg8 40.
Nh6+ 1-0

[Event "Early-Titled-Tuesday-Blitz-May-14-2024"]
[Site "Chess.com"]
[Date "2024.05.14"]
[Round "1"]
[White "Anu-triz"]
[Black "Thjop"]
[Result "0-1"]
[WhiteElo "2271"]
[BlackElo "2609"]
[TimeControl "180+1"]
[EndTime "8:06:30 PDT"]
[Termination "Thjop won by resignation"]

1. e4 e6 2. d4 d5 3. Nc3 Bb4 4. e5 c5 5. Qg4 Ne7 6. a3 Bxc3+ 7. bxc3 cxd4 8. cxd4 O-O 9. Bd3 Nbc6 10. Ne2 f6 11. exf6 Rxf6 12. O-O e5 13. Qg3 e4 14. Bg5 Rg6 15. Nf4 exd3 16. Nxg6 hxg6 17. cxd3 Bf5 18. Rfe1 Qd7 19. Rab1 Re8 20. h3 b6 21. Qf3 Nxd4 22. Qf4 Ne6 23. Qe3 d4 24. Qe5 Nxg5 25. Rbc1 Kf8 26. Rc7 Qd5 27. Rxe7 Qxe5 28. R7xe5 Rxe5 29.
Rxe5 Nf7 30. Rd5 Bxd3 31. Rxd4 Bf5 32. Rd8+ Nxd8 0-1

[Event "Early-Titled-Tuesday-Blitz-May-14-2024"]
[Site "Chess.com"]
[Date "2024.05.14"]
[Round "1"]
[White "kritipatel"]
[Black "Perecke"]
[Result "0-1"]
[WhiteElo "2185"]
[BlackElo "2582"]
[TimeControl "180+1"]
[EndTime "8:06:30 PDT"]
[Termination "Perecke won by resignation"]

1. d4 Nf6 2. c4 e6 3. Nc3 Bb4 4. Bg5 h6 5. Bh4 g5 6. Bg3 Ne4 7.
Qc2 d5 8. e3 h5 9. f3 h4 10. Bxc7 Qxc7 11. fxe4 dxc4 12. Nf3 g4 13. Ne5 Nc6 14. Nxc4 Bd7 15. O-O-O Bxc3 16. Qxc3 O-O-O 17. d5 b5 18. dxc6 Bxc6 19. Ne5 Bxe4 20. Qxc7+ Kxc7 21. Nxf7 Rxd1+ 22. Kxd1 Rf8 23. Ng5 Bd5 24. Bxb5 Bxa2 25.
Ke2 Rf5 26. Rc1+ Kb6 27. Nxe6 Rxb5 28. Nd4 Rxb2+ 29. Kf1 Bd5 30. g3 Rxh2 31. Nf5 Rh1+ 0-1

[Event "Early-Titled-Tuesday-Blitz-May-14-2024"]
[Site "Chess.com"]
[Date "2024.05.14"]
[Round "1"]
[White "Chessdude1987"]
[Black "Alonmindlin"]
[Result "0-1"]
[WhiteElo "2379"]
[BlackElo "2693"]
[TimeControl "180+1"]
[EndTime "8:06:32 PDT"]
[Termination "Alonmindlin won on time"]

1. e4 c5 2. Nf3 e6 3. d4 cxd4 4. Nxd4 Nf6 5. Nc3 Nc6 6. g3 d5 7.
Bg2 Bb4 8. exd5 exd5 9. Nxc6 bxc6 10. O-O O-O 11. a3 Bd6 12. h3 Rb8 13. Re1 h6 14. b3 Bf5 15. Bb2 a5 16. Na4 Nd7 17. Qd4 f6 18. f4 Kh8 19. Re2 Re8 20. Rae1 Rxe2 21. Rxe2 Qf8 22. g4 Bh7 23. Qa7 Re8 24.
Qf2 Rxe2 25. Qxe2 Bxf4 26. c4 Ne5 27. cxd5 cxd5 28. Bxd5 Qd8 29. Nc3 Qb6+ 30. Kg2 Bg6 31. Nd1 Qd6 32. Qb5 Kh7 33. Nf2 Be3 34. Ne4 Qc7 35. Qa6 Qc2+ 36. Kg3 Bxe4 0-1

[Event "Early-Titled-Tuesday-Blitz-May-14-2024"]
[Site "Chess.com"]
[Date "2024.05.14"]
[Round "1"]
[White "Balla_Tamas"]
[Black "Davidalhesa2007"]
[Result "1-0"]
[WhiteElo "2551"]
[BlackElo "1929"]
[TimeControl "180+1"]
[EndTime "8:06:33 PDT"]
[Termination "Balla_Tamas won by resignation"]

1. Nf3 Nf6 2. b3 e6 3. Bb2 d5 4. e3 Be7 5. c4 Nbd7 6. Nc3 b6 7. Be2 Bb7 8. O-O c5 9. cxd5 exd5 10. d4 O-O 11.
dxc5 Nxc5 12. Nb5 a6 13. Nbd4 Rc8 14. Rc1 Nce4 15. Qd3 Nc5 16. Qb1 Qd7 17. Rfd1 Ne6 18.
Rxc8 Rxc8 19. Nf5 g6 20. Nxe7+ Qxe7 21. Nd4 Nxd4 22. Bxd4 Nd7 23. Qb2 b5 24. Bg4 Rd8 25. Rc1 f5 26. Bf3 Nf8 27. Bf6 Qd7 28. Bxd8 Qxd8 29. Rd1 Kf7 30. Qe5 Qd7 31. Bxd5+ Bxd5 32. Qxd5+ Qxd5 33. Rxd5 Ke6 34. Rd2 Nd7 35. Kf1 Nc5 36. Ke2 Ne4 37. Rc2 Kd7 38. f3 Nf6 39. Kd3 Nd5 40. Kd4 Nb4 41. Rd2 Nc6+ 42. Kc5+ Kc7 43. Rd6 Ne5 44. Rxa6 1-0

[Event "Early-Titled-Tuesday-Blitz-May-14-2024"]
[Site "Chess.com"]
[Date "2024.05.14"]
[Round "1"]
[White "Skatchkov_V"]
[Black "Ariadna_Atreides"]
[Result "1-0"]
[WhiteElo "2597"]
[BlackElo "2227"]
[TimeControl "180+1"]
[EndTime "8:06:35 PDT"]
[Termination "Skatchkov_V won on time"]

1. d4 Nf6 2. c4 e6 3. Nf3 Bb4+ 4. Nbd2 b6 5. a3 Bxd2+ 6. Qxd2 Bb7 7. e3 O-O 8. Be2 Qe7 9. b4 c5 10. Bb2 cxd4 11.
Nxd4 Bxg2 12. Rg1 Be4 13. h4 Nc6 14. Nxc6 dxc6 15. Qd4 Bg6 16. h5 Rfd8 17. Qh4 Nd5 18. Qxe7 Nxe7 19. hxg6 hxg6 20. Rd1 Rxd1+ 21. Kxd1 Rd8+ 22.
Kc2 Nf5 23. Bf3 c5 24. bxc5 bxc5 25. Rd1 Rb8 26. Be5 Rc8 27. Bb7 Re8 28. Rd7 g5 29. Be4 g4 30. Bxf5 exf5 31. Bf4 Ra8 32. Rc7 Re8 33. Rxc5 f6 34. Rxf5 g5 35. Bg3 Kg7 36.
Rc5 Kg6 37. Rc7 a5 38. c5 f5 39. Rc6+ Kh5 40. Rf6 f4 41. exf4 Re2+ 42. Kc3 Ra2 43.
Kb3 Rd2 44. Rf5 Kg6 45. Rxg5+ Kf6 46. c6 Rd3+ 47. Kc4 Rd1 48. Rc5 a4 49. c7 1-0

[Event "Early-Titled-Tuesday-Blitz-May-14-2024"]
[Site "Chess.com"]
[Date "2024.05.14"]
[Round "1"]
[White "toninhojit"]
[Black "brother-bear"]
[Result "1-0"]
[WhiteElo "2561"]
[BlackElo "2050"]
[TimeControl "180+1"]
[EndTime "8:06:35 PDT"]
[Termination "toninhojit won on time"]

1. d4 g6 2. c4 Bg7 3. e4 d6 4.
Nc3 Nc6 5. Nge2 e5 6. Be3 exd4 7. Nxd4 Nge7 8. Be2 O-O 9. O-O f5 10. f3 f4 11. Bf2 Nxd4 12. Bxd4 Bxd4+ 13. Qxd4 Nc6 14. Qd2 Be6 15. Rad1 Ne5 16. Qd4 Qg5 17. Kh1 a6 18. c5 dxc5 19. Qxc5 Nxf3 20. Qxc7 Nh4 21. Bf3 Bg4 22.
Qc4+ Kg7 23. Qe2 h5 24. Nd5 Rae8 25. Qf2 Re5 26. Rc1 b5 27. Rg1 Kh6 28. Rc7 1-0

[Event "Early-Titled-Tuesday-Blitz-May-14-2024"]
[Site "Chess.com"]
[Date "2024.05.14"]
[Round "1"]
[White "DenLaz"]
[Black "HowTo2Draw"]
[Result "1-0"]
[WhiteElo "3113"]
[BlackElo "2547"]
[TimeControl "180+1"]
[EndTime "8:06:36 PDT"]
[Termination "DenLaz won on time"]

1. d4 f5 2. Nf3 Nf6 3. g3 g6 4.
Bg2 Bg7 5. O-O O-O 6. b3 d6 7.
Bb2 c6 8. c4 Qc7 9. Nbd2 Nbd7 10. Ng5 Nb6 11. Rc1 h6 12. Ngf3 Be6 13. Qc2 Bf7 14.
e4 e6 15. e5 dxe5 16. Nxe5 Nbd7 17. Nxf7 Rxf7 18. Rfe1 Nf8 19. Nf3 N6d7 20. Qe2 Re8 21. Rcd1 Rfe7 22. Ba3 Rf7 23. Ne5 Nxe5 24. dxe5 Rd8 25.
Bd6 Qc8 26. c5 Nh7 27. h4 Qd7 28. Qf3 Qe8 29. Bf1 Rfd7 30. Bc4 Kh8 31. b4 Bf8 32. Kg2 Qf7 33. a4 Bg7 34. b5 Rc8 35. bxc6 bxc6 36. Ba6 Re8 37. Qxc6 g5 38. Bb5 Red8 39. Qf3 g4 40. Qf4 Nf8 41. Bxd7 Rxd7 42. c6 Ng6 43. Qc4 Rd8 44. c7 Rc8 45. Rb1 f4 46. Rb8 f3+ 47.
Kg1 Qe8 48. Qb5 1-0

[Event "Early-Titled-Tuesday-Blitz-May-14-2024"]
[Site "Chess.com"]
[Date "2024.05.14"]
[Round "1"]
[White "Cherepov_Alexej"]
[Black "Sosat98"]
[Result "0-1"]
[WhiteElo "2439"]
[BlackElo "2771"]
[TimeControl "180+1"]
[EndTime "8:06:36 PDT"]
[Termination "Sosat98 won on time"]

1. d4 Nf6 2. c4 d6 3. Nf3 Bg4 4.
Qb3 Nc6 5. Nbd2 Rb8 6. h3 Bh5 7. e3 e5 8. d5 Ne7 9. Be2 Bg6 10. Nh4 Nd7 11. Nxg6 hxg6 12. O-O f5 13. e4 Nf6 14. f4 exf4 15. exf5 Nxf5 16. Rxf4 Be7 17. Nf3 Nh5 18. Re4 Nhg3 19. Re6 O-O 20. Bd3 Bf6 21.
Bf4 Nd4 22. Nxd4 Bxd4+ 23. Be3 Bxe3+ 24. Rxe3 Qh4 25. Rae1 Qf4 26. Bxg6 Qf2+ 27. Kh2 Nf1+ 28.
Rxf1 Qxf1 29. Rg3 Qf4 30. Qc3 Rf6 31. Kh1 Rbf8 32. Rf3 Qh4 33. Rxf6 Rxf6 34. Qd3 Qe1+ 35. Kh2 Rf1 0-1

[Event "Early-Titled-Tuesday-Blitz-May-14-2024"]
[Site "Chess.com"]
[Date "2024.05.14"]
[Round "1"]
[White "jumpingknight20"]
[Black "Kimkibo"]
[Result "1-0"]
[WhiteElo "2740"]
[BlackElo "2410"]
[TimeControl "180+1"]
[EndTime "8:06:37 PDT"]
[Termination "jumpingknight20 won by checkmate"]

1. f4 e5 2. fxe5 d6 3. Nf3 dxe5 4. e4 Nc6 5. Bb5 Bd6 6. Nc3 Nf6 7. O-O O-O 8. d3 Nd4 9. Nxd4 exd4 10. Ne2 Ng4 11.
h3 Ne3 12. Bxe3 dxe3 13. Rf3 Qg5 14. Bc4 Qe5 15. Kf1 Be6 16. Bb3 Bxb3 17. axb3 f5 18.
d4 Qxe4 19. Nc3 Qe7 20. Nd5 Qe4 21. Nxe3 Rae8 22. Nc4 Bh2 23. Qd3 Qd5 24. Re1 b5 25.
Ne3 Qd6 26. Nxf5 Rxe1+ 27. Kxe1 Qe6+ 28. Kd1 a6 29. g4 Kh8 30. Re3 Qc6 31. Qe4 Qb6 32.
Qe7 Bd6 33. Qxg7# 1-0

[Event "Early-Titled-Tuesday-Blitz-May-14-2024"]
[Site "Chess.com"]
[Date "2024.05.14"]
[Round "1"]
[White "DenisQ"]
[Black "Resourchess"]
[Result "1-0"]
[WhiteElo "2728"]
[BlackElo "2394"]
[TimeControl "180+1"]
[EndTime "8:06:37 PDT"]
[Termination "DenisQ won by resignation"]

1. Nf3 d6 2. g3 e5 3. Bg2 g6 4. O-O Bg7 5. c4 f5 6. Nc3 Nf6 7. d3 O-O 8. Rb1 c6 9. b4 h6 10.
b5 Be6 11. bxc6 bxc6 12. Ba3 Qc7 13. Qb3 Nbd7 14. Qb7 Qxb7 15. Rxb7 Ne8 16. Nh4 g5 17. Bxc6 gxh4 18. Bxd7 Bxd7 19. Rxd7 hxg3 20. hxg3 Rf7 21.
Rxf7 Kxf7 22. Rb1 Rc8 23. Rb7+ Rc7 24. Rxc7+ Nxc7 25. Bxd6 Ne6 26. Nb5 a6 27. Nc7 a5 28.
Nxe6 Kxe6 29. Bc5 e4 30. d4 h5 31. Kg2 Bh6 32. d5+ Kd7 33. f3 Bd2 34. Kh3 exf3 35.
exf3 Bg5 36. Bb6 a4 37. c5 Bf6 38. Ba5 Bd4 39. c6+ Kd6 40. Kh4 Bf2 41. Kxh5 Bxg3 42. Kg5 f4 43. Kf5 Bh2 44. Bc3 Bg3 45. Be5+ 1-0

[Event "Early-Titled-Tuesday-Blitz-May-14-2024"]
[Site "Chess.com"]
[Date "2024.05.14"]
[Round "1"]
[White "manmanlai1"]
[Black "Sasha_Solovev_777"]
[Result "1-0"]
[WhiteElo "2583"]
[BlackElo "2188"]
[TimeControl "180+1"]
[EndTime "8:06:38 PDT"]
[Termination "manmanlai1 won on time"]

1. e4 c5 2. Nf3 d6 3. d4 cxd4 4. Nxd4 Nf6 5. Nc3 a6 6. Bg5 Nbd7 7. Qd2 Qc7 8. O-O-O e6 9. f4 Be7 10. Be2 b5 11. Bf3 Bb7 12. Rhe1 O-O 13. e5 dxe5 14. fxe5 Nxe5 15. Bxb7 Nc4 16. Qe2 Qxb7 17. Nf5 exf5 18. Qxe7 Qxe7 19. Rxe7 Ng4 20. b3 Na5 21. h3 Nf2 22. Rf1 Ne4 23. Nxe4 fxe4 24. Rxe4 Rfe8 25.
Rfe1 Kf8 26. Be7+ Kg8 27. Bc5 Rxe4 28. Rxe4 Nc6 29. a4 bxa4 30. Rxa4 h5 31. b4 1-0

[Event "Early-Titled-Tuesday-Blitz-May-14-2024"]
[Site "Chess.com"]
[Date "2024.05.14"]
[Round "1"]
[White "dretch"]
[Black "maximnovik"]
[Result "1-0"]
[WhiteElo "2905"]
[BlackElo "2517"]
[TimeControl "180+1"]
[EndTime "8:06:39 PDT"]
[Termination "dretch won by resignation"]

1. d4 Nf6 2. c4 g6 3. Nc3 d5 4. e3 Bg7 5. Qb3 dxc4 6. Bxc4 O-O 7. Nf3 c5 8. O-O Nc6 9. Ne5 e6 10. Nxc6 bxc6 11. dxc5 Nd7 12. Rd1 Qe7 13. Bd2 Qxc5 14.
Na4 Qh5 15. Bc3 Rb8 16. Qc2 Nb6 17. Be2 Nxa4 18. Bxh5 Nxc3 19. bxc3 gxh5 20. Rab1 Ba6 21. Rxb8 Rxb8 22. h3 Bc4 23. Qa4 Bb5 24. Qxa7 Rf8 25.
a4 Bc4 26. a5 Bxc3 27. Qc5 Bb3 28. Rb1 Ba2 29. Qxc3 Bxb1 30. a6 c5 31. f3 Ba2 32. e4 c4 33. a7 Ra8 34. Qb4 c3 35. Qb8+ Kg7 36. Qxa8 Bc4 37. Qc6 c2 38. Qxc4 h4 39. Qxc2 1-0

[Event "Early-Titled-Tuesday-Blitz-May-14-2024"]
[Site "Chess.com"]
[Date "2024.05.14"]
[Round "1"]
[White "AniJak"]
[Black "TregubovP"]
[Result "0-1"]
[WhiteElo "2389"]
[BlackElo "2709"]
[TimeControl "180+1"]
[EndTime "8:06:39 PDT"]
[Termination "TregubovP won by checkmate"]

1. e4 c5 2. Nc3 e6 3. g3 d5 4.
exd5 exd5 5. d4 cxd4 6. Qxd4 Nf6 7. Bg5 Be7 8. O-O-O Nc6 9. Qd2 d4 10. Nb5 O-O 11. Nxd4 Nxd4 12. Qxd4 Qa5 13. Bxf6 Bxf6 14. Qd5 Qb6 15. Qb3 Qxf2 16. Bc4 b5 17. Bd5 Bg4 18. Nf3 Rad8 19. Rhf1 Qb6 20. h3 Bxh3 21. Rh1 Bf5 22. Rhe1 a5 23. Kb1 a4 24. Qb4 Qf2 25. Qf4 Bxc2+ 26. Ka1 Bxd1 27. Rxd1 Qxb2# 0-1

[Event "Early-Titled-Tuesday-Blitz-May-14-2024"]
[Site "Chess.com"]
[Date "2024.05.14"]
[Round "1"]
[White "Doublekk14"]
[Black "littlepinkyboy"]
[Result "0-1"]
[WhiteElo "2356"]
[BlackElo "2672"]
[TimeControl "180+1"]
[EndTime "8:06:39 PDT"]
[Termination "littlepinkyboy won on time"]

1. c4 e5 2. Nc3 Nf6 3. e3 d5 4.
cxd5 Nxd5 5. Nf3 Nxc3 6. bxc3 Bd6 7. e4 O-O 8. h3 c5 9. Bd3 Be6 10. Bc2 c4 11. Qe2 Nc6 12. d4 exd4 13. cxd4 Bb4+ 14.
Bd2 Nxd4 15. Nxd4 Qxd4 16. Rd1 Bxd2+ 17. Rxd2 Qa1+ 18. Rd1 Qxa2 19. O-O Rfd8 20. e5 Qa6 21. f4 Qb6+ 22. Kh1 Rxd1 23. Rxd1 Rd8 24. Rxd8+ Qxd8 25. f5 Bd5 26. f6 gxf6 27. Qh5 fxe5 28. Qxh7+ Kf8 29.
Qh8+ Ke7 30. Qxe5+ Be6 31. Qc5+ Kf6 32. h4 Qd2 33. Bh7 Qe1+ 0-1

[Event "Early-Titled-Tuesday-Blitz-May-14-2024"]
[Site "Chess.com"]
[Date "2024.05.14"]
[Round "1"]
[White "lefonghua"]
[Black "lluiss"]
[Result "1-0"]
[WhiteElo "2589"]
[BlackElo "2197"]
[TimeControl "180+1"]
[EndTime "8:06:39 PDT"]
[Termination "lefonghua won by resignation"]

1. d4 Nf6 2. c4 g6 3. Nc3 d5 4. cxd5 Nxd5 5. e4 Nxc3 6. bxc3 Bg7 7. Nf3 c5 8. Rb1 O-O 9. Be2 cxd4 10. cxd4 Qa5+ 11.
Bd2 Qxa2 12. O-O Bg4 13. Bg5 Rd8 14. d5 Bf6 15. Bxf6 exf6 16. Rxb7 Nd7 17. h3 Bxf3 18. Bxf3 Rab8 19. Rxb8 Rxb8 20. Qa1 Rb2 21. Qxa2 Rxa2 22.
Rc1 Ne5 23. Rc7 a5 24. Ra7 Nxf3+ 25. gxf3 a4 26. Kg2 a3 27. f4 Ra1 28. h4 a2 29. Kf3 Kf8 30. Ke2 h5 31. e5 fxe5 32. fxe5 Rh1 33. Rxa2 Rxh4 34. Ke3 Rb4 35. Ra8+ Ke7 36.
Ra7+ Ke8 37. d6 h4 38. Ra8+ Kd7 39. Rf8 Ke6 40. Re8+ Kd7 41. Re7+ Kd8 42. Rxf7 Rb5 43. Kd4 h3 44. Rh7 Rb4+ 45. Kd5 Rb5+ 46. Ke6 1-0

[Event "Early-Titled-Tuesday-Blitz-May-14-2024"]
[Site "Chess.com"]
[Date "2024.05.14"]
[Round "1"]
[White "sokidze"]
[Black "tomesao"]
[Result "1-0"]
[WhiteElo "2802"]
[BlackElo "2464"]
[TimeControl "180+1"]
[EndTime "8:06:41 PDT"]
[Termination "sokidze won by resignation"]

1. d4 Nf6 2. c4 e6 3. Nc3 Bb4 4.
e3 d5 5. Nf3 O-O 6. Bd2 c6 7. Qc2 Nbd7 8. a3 Bd6 9. Rd1 Qe7 10.
Be2 dxc4 11. Bxc4 e5 12. O-O b5 13. Bd3 Bb7 14. Ne4 Bc7 15. Bb4 c5 16. Nxc5 Bd6 17.
Nxd7 Qxd7 18. Bxd6 e4 19. Ne5 exd3 20. Qc5 Qf5 21. Bxf8 Ne4 22. Qe7 Ng5 23. Qxb7 Rxf8 24. Nxd3 h5 25. Nf4 h4 26. Qd5 Qg4 27. h3 1-0

[Event "Early-Titled-Tuesday-Blitz-May-14-2024"]
[Site "Chess.com"]
[Date "2024.05.14"]
[Round "1"]
[White "Shushik"]
[Black "dianamirza"]
[Result "1-0"]
[WhiteElo "2553"]
[BlackElo "1944"]
[TimeControl "180+1"]
[EndTime "8:06:41 PDT"]
[Termination "Shushik won by resignation"]

1. d4 Nf6 2. c4 c5 3. d5 b5 4. Qc2 bxc4 5. e4 d6 6. Bxc4 g6 7. Nf3 Bg7 8. O-O O-O 9. Nc3 a5 10. h3 Ba6 11. Nb5 Bxb5 12. Bxb5 Nbd7 13. Bd2 Qb6 14. a4 Rfb8 15. Bc3 c4 16. Bxc4 Nc5 17. Rfe1 Nfxe4 18. Rxe4 Nxe4 19. Qxe4 Bxc3 20. bxc3 Qb2 21. Re1 Qxc3 22. Bb5 Ra7 23. Ng5 h6 24. Nf3 Qb4 25. Nd4 Rc8 26. Nc6 Qxe4 27. Rxe4 Rxc6 28. Bxc6 Kf8 29.
Re2 Rc7 30. Rb2 e6 31. Rb5 Kg7 32. Rxa5 exd5 33. Bxd5 Kf6 34. g3 Ke7 35. Kg2 f5 36. h4 Rc5 37. Rxc5 dxc5 38. a5 Kd6 39. a6 Kc7 40. a7 1-0